 Dungeon Crawl Stone Soup version 0.19-a0-1107-gc676ff4 (webtiles) character file.

685 JustSomeDude the Skirmisher (level 7, -10/55 HPs)
             Began as a Demonspawn Fighter on Aug 9, 2016.
             Mangled by JustSomeDude's ghost (13 damage)
             ... on level 5 of the Dungeon.
             The game lasted 00:16:13 (4568 turns).

JustSomeDude the Skirmisher (Demonspawn Fighter)    Turns: 4568, Time: 00:16:14

Health: -10/55     AC:  7    Str: 18      XL:     7   Next: 35%
Magic:  7/7        EV:  4    Int:  7 (9)  God:
Gold:   235        SH:  9    Dex: 11 (15) Spells: 0 memorised, 6 levels left

rFire  + . .     SeeInvis .     t - +1 war axe (flame)
rCold  + . .     Gourm    .     r - +0 ring mail {rF+}
rNeg   . . .     Faith    .     c - +0 shield
rPois  .         Spirit   .     (no helmet)
rElec  .         Dismiss  .     j - +0 cloak
rCorr  .         Reflect  .     (no gloves)
SustAt .         Harm     +     (no boots)
MR     .....                    w - amulet of harm
Stlth  +.........               (no ring)
                                m - ring of protection from cold

@:
A: talons 1, thin skeletal structure 1, mutation resistance 1, sense
surroundings 1, powered by pain 1
a: no special abilities


You were on level 5 of the Dungeon.
You were hungry.

You visited 1 branch of the dungeon, and saw 5 of its levels.

You collected 235 gold pieces.

Inventory:

Hand Weapons
 a - a +1 war axe
 s - a +1 whip of freezing
 t - a +1 war axe of flaming (weapon)
Missiles
 n - 9 javelins (quivered)
Armour
 b - a +0 scale mail
 c - a +0 shield (worn)
 j - a +0 cloak (worn)
 l - a +0 chain mail
 r - a +0 ring mail of fire resistance (worn)
Jewellery
 h - an uncursed ring of ice
 m - a ring of protection from cold (left hand)
 o - an uncursed ring of ice
 w - an amulet of harm (around neck)
Scrolls
 d - a scroll of fog
 e - a scroll of enchant weapon
 p - 2 scrolls of identify
 q - 2 scrolls of remove curse
Comestibles
 f - 4 bread rations
 i - 3 fruits
 k - 2 meat rations


   Skills:
 + Level 4.4 Fighting
 + Level 3.6 Axes
 + Level 0.6 Throwing
 + Level 4.1 Armour
 + Level 2.7 Dodging
 + Level 0.2 Stealth
 + Level 4.4 Shields


You had 6 spell levels left.
You didn't know any spells.

Dungeon Overview and Level Annotations

Branches:
Dungeon (5/15)
 Temple: D:4-7

Altars:
Cheibriados

Annotations:
D:3 Purgy
D:5 JustSomeDude's ghost, amateur DsFi


Innate Abilities, Weirdness & Mutations

You have a somewhat thin skeletal structure. (Dex +2, Stealth)
You sometimes gain a little power by taking damage.
You have sharp toenails.
You are somewhat resistant to further mutation.
You passively map a small area around you.


Message History

JustSomeDude's ghost hits you. JustSomeDude's ghost hits you!
You writhe in agony.
Your shield prevents you from hitting JustSomeDude's ghost.
Your kick misses JustSomeDude's ghost.
JustSomeDude's ghost is moderately damaged.
JustSomeDude's ghost hits you.
You slash JustSomeDude's ghost! You burn JustSomeDude's ghost.
Your kick misses JustSomeDude's ghost.
JustSomeDude's ghost is severely damaged.
You block JustSomeDude's ghost's attack.
You slash JustSomeDude's ghost! You burn JustSomeDude's ghost.
Your kick misses JustSomeDude's ghost.
JustSomeDude's ghost is almost destroyed.
JustSomeDude's ghost hits you but does no damage.
JustSomeDude's ghost hits you!
* * * LOW HITPOINT WARNING * * *
You writhe in agony.
* * * LOW HITPOINT WARNING * * *
JustSomeDude's ghost hits you!
You die...

#############
##.....#.....#
###########.............
#........#..............
#........#..............
#........#..............
#......W................
#......@[#..............
#........#..............
#######..##.............
##..##...........#
##.########.##### #.#
#.# # ### #.# #..* #
#.####.# #..# # #......#
#####..####


You could see JustSomeDude's ghost.

Vanquished Creatures
  A phantom (D:4)
  An ogre (D:4)
  A quasit (D:5)
  2 hounds (D:4)
  Jessica (D:3)
  2 worker ants
  3 orc wizards
  4 gnolls
  9 adders
  3 oozes
  3 worms
  4 dart slugs
  A giant gecko (D:1)
  19 orcs
  A ball python (D:3)
  6 bats
  5 giant cockroaches
  11 goblins
  5 hobgoblins
  7 jackals
  3 quokkas
  A giant cockroach zombie (D:5)
  4 giant newts
  10 kobolds
  8 rats
115 creatures vanquished.

Notes
Turn   | Place    | Note
-------+----------+-------------------------------------------
     0 | D:1      | JustSomeDude the Demonspawn Fighter began the quest for the Orb.
     0 | D:1      | Reached XP level 1. HP: 18/18 MP: 1/1
    55 | D:1      | Gained mutation: You have a somewhat thin skeletal structure. (Dex +2, Stealth) [demonic ancestry]
    55 | D:1      | Reached XP level 2. HP: 22/24 MP: 2/2
   177 | D:1      | Reached XP level 3. HP: 17/29 MP: 3/3
   627 | D:2      | Reached XP level 4. HP: 10/35 MP: 4/4
  1298 | D:3      | Noticed Purgy
  1375 | D:3      | Found a snail-covered altar of Cheibriados.
  1408 | D:3      | Reached skill level 1 in Dodging
  1591 | D:4      | Noticed an ogre
  1704 | D:3      | Reached XP level 5. HP: 33/42 MP: 5/5
  1750 | D:4      | Killed an ogre
  1769 | D:4      | Reached XP level 6. HP: 24/48 MP: 6/6
  1772 | D:4      | Gained mutation: You passively map a small area around you. [potion of beneficial mutation]
  1774 | D:4      | Gained mutation: You have sharp toenails. [potion of mutation]
  1774 | D:4      | Gained mutation: You are somewhat resistant to further mutation. [potion of mutation]
  1775 | D:4      | HP: 2/48 [gnoll/spear (2)]
  3119 | D:4      | Gained mutation: You sometimes gain a little power by taking damage. [demonic ancestry]
  3119 | D:4      | Reached XP level 7. HP: 48/55 MP: 7/7
  3328 | D:5      | Entered Level 5 of the Dungeon
  3383 | D:5      | Noticed JustSomeDude's ghost (amateur DsFi)
  3721 | D:3      | Noticed Jessica
  3726 | D:3      | Killed Jessica
  4568 | D:5      | Mangled by JustSomeDude's ghost

Vault maps used:
D:1:      wheals_arrival_shading
D:3:      cheibriados_altar_1, minmay_hedge_maze, uniq_purgy, uniq_jessica
D:4:      first_bread, corexii_checkpoint_a
D:5:      lemuel_flame_loot_1, uniq_sigmund

Skill      XL: |  1  2  3  4  5  6  7 |
---------------+----------------------+-----
Shields        | 3 4 |  4.4
Axes           | 2 3 |  3.6
Armour         | 3 4 |  4.1
Dodging        | 1 2 |  2.7
Fighting       | 4 |  4.4
Throwing       | |  0.6
Stealth        | |  0.2

Action                   |  1- 3 |  4- 6 |  7- 9 || total
-------------------------+-------+-------+-------++-------
Melee: War axe           |   107 |   248 |   118 ||   473
       Kick              |       |    34 |    20 ||    54
Throw: Javelin           |       |    17 |       ||    17
  Use: Potion            |     1 |    10 |     2 ||    13
       Scroll            |       |     3 |     6 ||     9
  Eat: Chunk             |       |     8 |     5 ||    13
Armor: Scale mail        |    50 |   127 |     6 ||   183
       Ring mail         |       |       |    73 ||    73
Dodge: Dodged            |    34 |    99 |    55 ||   188
Block: Shield            |    67 |   158 |    49 ||   274
